 Dungeon Sprint DCSS version 0.20-a0-689-g860b9ab (webtiles) character file.

36472 Kidiri the Eclecticist (level 13, 0/73 HPs)
             Began as a Deep Elf Fire Elementalist on Feb 19, 2017.
             Was the Champion of Vehumet.
             Hit by a large rock of returning thrown by Chuck (44 damage)
             ... in the Dungeon (Sprint III: "The Ten Rune Challenge").
             The game lasted 00:56:30 (8283 turns).

Kidiri the Eclecticist (Deep Elf Fire Elementalist) Turns: 8283, Time: 00:56:30

Health: 0/73       AC: 10    Str:  5    XL:     13   Next: 53%
Magic:  13/38      EV: 20    Int: 33    God:    Vehumet [******]
Gold:   1193       SH:  5    Dex: 15    Spells: 5/51 levels left

rFire    + . .     SeeInvis .   u - +0 dagger
rCold    + . .     Gourm    .   a - +0 robe
rNeg     . . .     Faith    .   j - +0 buckler
rPois    +         Spirit   .   x - +1 helmet {Int+3}
rElec    .         Reflect  .   l - +0 cloak {MR+}
rCorr    .         Harm     .   (no gloves)
MR       +++..     NoTele   +   y - +0 pair of boots {Stlth+}
Stlth    +++.......             (no amulet)
Regen    0.3/turn               (no ring)
MPRegen  0.3/turn               z - ring of Vanity {rPois rF+ MR+ Int+4}

@: no status effects
A: icy blue scales 1, cold resistance 1, frail 1, evolution 1
a: Renounce Religion


You were in the Dungeon.
You worshipped Vehumet.
Vehumet was exalted by your worship.
You were full.

You visited 1 branch You collected 3680 gold pieces.
You spent 2487 gold pieces at shops.

Inventory:

Hand Weapons
 u - a +0 dagger (weapon)
Armour
 a - a +0 robe (worn)
 j - a +0 buckler (worn)
 l - a +0 cloak of magic resistance (worn)
 x - a +1 helmet of intelligence (worn)
 y - a +0 pair of boots of stealth (worn)
Jewellery
 z - the ring of Vanity (left hand) {rPois rF+ MR+ Int+4}
   (You bought it in a shop in the Dungeon)

   [ring of poison resistance]

   It affects your intelligence (+4).
   It protects you from fire.
   It protects you from poison.
   It affects your resistance to hostile enchantments.
Wands
 C - a wand of flame (28/48)
Scrolls
 k - 3 scrolls of identify
 n - a scroll of holy word
 o - a scroll of fear
 p - 2 scrolls of remove curse
 s - a scroll of immolation
 w - 2 scrolls of blinking
 A - a scroll of fog
Potions
 c - a potion of invisibility
 d - 12 potions of curing
 e - 2 potions of resistance
 f - a potion of cancellation
 g - a potion of agility
 h - 2 potions of berserk rage
 i - 3 potions of heal wounds
 m - 2 potions of mutation
 r - 2 potions of brilliance
 t - a potion of flight
 B - 2 potions of haste
Comestibles
 b - 10 royal jellies
 q - a meat ration
 v - 2 fruits


   Skills:
 + Level 9.8 Fighting
 - Level 10.1 Short Blades
 + Level 10.0 Armour
 - Level 11.3 Dodging
 - Level 2.4 Stealth
 + Level 3.7 Shields
 * Level 19.7 Spellcasting
 + Level 12.7 Conjurations
 + Level 13.1 Fire Magic
 + Level 11.1 Ice Magic
 + Level 10.4 Air Magic
 + Level 11.0 Earth Magic
 + Level 11.4 Poison Magic
 + Level 2.4 Evocations


You had 5 spell levels left.
You knew the following spells:

 Your Spells              Type           Power        Failure   Level  Hunger
a - Flame Tongue          Conj/Fire      #####        0%          1    None
b - Throw Flame           Conj/Fire      ######       0%          2    None
c - Conjure Flame         Conj/Fire      #######.     0%          3    None
d - Inner Flame           Hex/Fire       ######..     1%          3    None
e - Ignite Poison         Fire/Tmut/Pois ######..     1%          3    None
f - Sticky Flame          Conj/Fire      #######.     1%          4    None
g - Fireball              Conj/Fire      #######...   1%          5    None
h - Bolt of Magma         Conj/Fire/Erth #######...   1%          5    None
i - Bolt of Fire          Conj/Fire      #######...   1%          6    None
j - Freeze                Ice            ####         0%          1    None
k - Sandblast             Erth           ######       0%          1    None
l - Mephitic Cloud        Conj/Pois/Air  #######.     1%          3    None
m - Venom Bolt            Conj/Pois      #######...   1%          5    None
n - Fulminant Prism       Conj/Hex       ######....   1%          4    None


Dungeon Overview and Level Annotations

Branches:
Dungeon (1/1)

Altars:
Cheibriados
Dithmenos
Elyvilon
Fedhas
Gozag
Hepliaklqana
Kikubaaqudgha
Makhleb
Nemelex Xobeh
Okawaru
Qazlal
Ru
Sif Muna
Trog
Uskayaw
Vehumet
Xom
Yredelemnul
Zin
The Shining One
Beogh
Jiyva
Lugonu

Shops:
D (!:!??%:[}=!(

Annotations:
D exclusion: door, Chuck


Innate Abilities, Weirdness & Mutations

You are partially covered in icy blue scales. (AC +2)
Your flesh is cold resistant. (rC+)
You are frail. (-10% HP)
You evolve.


Message History

Casting: Bolt of Fire
Confirm with . or Enter, or press ? or * to list all spells.
Aiming: Bolt of Fire
Press: ? - help, Shift-Dir - straight line, f/p - Chuck
Aim: Chuck (moderately wounded)
The bolt of fire hits Chuck.
Chuck is heavily wounded.
Chuck throws a large rock of returning.
The large rock of returning hits you!!
The weapon returns to Chuck!
Casting: Bolt of Fire
Confirm with . or Enter, or press ? or * to list all spells.
Aiming: Bolt of Fire
Press: ? - help, Shift-Dir - straight line, f/p - Chuck
Aim: Chuck (heavily wounded)
The bolt of fire hits Chuck.
Chuck is severely wounded.
Chuck says, "Big rocks, small rocks, huge rocks!
Magic rocks!"
Chuck throws a large rock of returning.
The large rock of returning hits you!!!
Ouch! That really hurt!
You die...

#########
|$)?§%$≈C#
≈≈§§≈§≈≈§#
.§..§§...#
....§§§.§#
.....§§§§#
################@##
#...#...#..#...§§§#
#...#...#..#..PPP§#
##+###+##..#....P.#
#.......'..'....P.#
#.#####.####......#
'.#...+.#..#......#
#######.+..#......#
# #.####......#


You could see Chuck.

Vanquished Creatures
  Rupert (D)
  A deep elf blademaster (D)
  Gastronok (D)
  Dowan (D)
  2 deep elf demonologists (D)
  2 dire elephants (D)
  2 deep elf annihilators (D)
  A deep elf death mage (D)
  A deep elf high priest (D)
  A fire dragon (D)
  A yaktaur captain (D)
  4 death yaks (D)
  2 centaur warriors (D)
  Erica (D)
  A queen ant (shapeshifter) (D)
  Urug (D)
  3 deep elf knights (D)
  An unseen horror (D)
  A lindwurm (D)
  An obsidian statue (D)
  A faun (shapeshifter) (D)
  3 deep elf magi (D)
  A mana viper (shapeshifter) (D)
  An ugly thing (D)
  2 elephants (D)
  2 black mambas (D)
  2 spiny frogs (D)
  Duvessa (D)
  A rime drake (D)
  A komodo dragon (D)
  3 wandering mushrooms (D)
  4 spriggan defenders (D)
  A queen bee (D)
  2 tyrant leeches (D)
  2 orc high priests (D)
  8 blink frogs (D)
  A dream sheep (shapeshifter) (D)
  3 redbacks (D)
  2 slime creatures (D)
  A shadow (D)
  A spatial vortex (D)
  2 hell hounds (D)
  An orc warrior (D)
  A swamp drake (D)
  A necrophage (D)
  2 centaurs (D)
  An earth elemental (D)
  A water elemental (D)
  25 killer bees (D)
  A jelly (D)
  5 orc priests (D)
  Crazy Yiuf (D)
  A wizard (D)
  A necromancer (D)
  2 orc wizards (D)
  3 humans (D)
  A kobold demonologist (D)
  12 orcs (D)
  4 rats (D)
  3 bushes (D)
  8 plants (D)
148 creatures vanquished.

Vanquished Creatures (collateral kills)
  5 killer bees (D)
5 creatures vanquished.

Vanquished Creatures (others)
  2 draconian scorchers (D)
  3 hydras (D)
  6 hellions (D)
  3 yaktaurs (D)
  2 killer bees (D)
  An electric eel (D)
  10 fulminant prisms (D)
  5 plants (D)
32 creatures vanquished.

Grand Total: 185 creatures vanquished

Notes
Turn   | Place    | Note
-------+----------+-------------------------------------------
     0 | D        | Kidiri the Deep Elf Fire Elementalist began the quest for the Orb.
     0 | D        | Reached XP level 1. HP: 10/10 MP: 6/6
    16 | D        | Killed a yaktaur
    87 | D        | Reached skill level 1 in Fighting
    87 | D        | Reached skill level 1 in Armour
    87 | D        | Reached skill level 4 in Spellcasting
    87 | D        | Reached XP level 2. HP: 5/16 MP: 1/9
    92 | D        | Killed a hellion
    94 | D        | Learned a level 2 spell: Throw Flame
    99 | D        | Killed a hellion
   102 | D        | Killed a hellion
   123 | D        | Killed a hellion
   147 | D        | Killed a hellion
   185 | D        | Killed a hellion
   220 | D        | Killed a white draconian scorcher
   307 | D        | Noticed Crazy Yiuf
   314 | D        | Killed Crazy Yiuf
   314 | D        | Reached skill level 5 in Spellcasting
   314 | D        | Reached XP level 3. HP: 21/21 MP: 6/12
   319 | D        | Learned a level 3 spell: Conjure Flame
   323 | D        | Learned a level 3 spell: Inner Flame
   349 | D        | Gained mutation: Armour fits poorly on your strangely shaped body. [potion of mutation]
   349 | D        | Gained mutation: You have a somewhat thin skeletal structure. (Dex +2, Stealth) [potion of mutation]
   349 | D        | Gained mutation: Your magical capacity is low. (-10% MP) [potion of mutation]
   349 | D        | Gained mutation: Your muscles are strong. (Str +2) [potion of mutation]
   350 | D        | Lost mutation: Your magical capacity is low. (-10% MP) [potion of mutation]
   350 | D        | Lost mutation: Armour fits poorly on your strangely shaped body. [potion of mutation]
   350 | D        | Lost mutation: Your muscles are strong. (Str +2) [potion of mutation]
   350 | D        | Lost mutation: You have a somewhat thin skeletal structure. (Dex +2, Stealth) [potion of mutation]
   350 | D        | Gained mutation: Your magical capacity is low. (-10% MP) [potion of mutation]
   350 | D        | Gained mutation: You possess an exceptional clarity of mind. [potion of mutation]
   351 | D        | Lost mutation: Your magical capacity is low. (-10% MP) [potion of mutation]
   351 | D        | Lost mutation: You possess an exceptional clarity of mind. [potion of mutation]
   351 | D        | Gained mutation: You are dopey. (Int -2) [potion of mutation]
   351 | D        | Gained mutation: You have large cloven feet. [potion of mutation]
   351 | D        | Gained mutation: You evolve. [potion of mutation]
   352 | D        | Lost mutation: You have large cloven feet. [potion of mutation]
   352 | D        | Lost mutation: You are dopey. (Int -2) [potion of mutation]
   352 | D        | Gained mutation: You are surrounded by a mild repulsion field. (EV +2) [potion of mutation]
   352 | D        | Gained mutation: Your flesh is cold resistant. (rC+) [potion of mutation]
   377 | D        | Noticed a water elemental
   381 | D        | Killed a water elemental
   381 | D        | Reached skill level 6 in Spellcasting
   381 | D        | Reached skill level 5 in Fire Magic
   381 | D        | Reached XP level 4. HP: 27/27 MP: 6/14
   387 | D        | Learned a level 4 spell: Sticky Flame
   389 | D        | Killed a white draconian scorcher
   442 | D        | Found a radiant altar of Vehumet.
   443 | D        | Found a deep blue altar of Sif Muna.
   443 | D        | Found an ancient bone altar of Kikubaaqudgha.
   443 | D        | Noticed a wizard
   444 | D        | Noticed a ynoxinul
   444 | D        | Killed a wizard
   444 | D        | Reached skill level 5 in Dodging
   444 | D        | Reached skill level 7 in Spellcasting
   446 | D        | Reached XP level 5. HP: 30/32 MP: 5/17
   462 | D        | Learned a level 5 spell: Fireball
   464 | D        | Became a worshipper of Vehumet
   573 | D        | Found a glowing silver altar of Zin.
   574 | D        | Found a glowing golden altar of the Shining One.
   574 | D        | Found a white marble altar of Elyvilon.
   574 | D        | Noticed a deep elf mage
   583 | D        | Killed a deep elf mage
   583 | D        | Reached skill level 10 in Spellcasting
   583 | D        | Reached XP level 6. HP: 34/38 MP: 10/21
   583 | D        | Reached XP level 7. HP: 39/43 MP: 10/23
   588 | D        | Learned a level 3 spell: Mephitic Cloud
   601 | D        | Found a hide-covered altar of Uskayaw.
   601 | D        | Found a roughly hewn altar of Beogh.
   601 | D        | Found an iron altar of Okawaru.
   601 | D        | Found a bloodstained altar of Trog.
   601 | D        | Noticed a human
   603 | D        | Noticed a human
   605 | D        | Killed a human
   605 | D        | Reached skill level 11 in Spellcasting
   605 | D        | Reached skill level 1 in Air Magic
   605 | D        | Reached skill level 1 in Poison Magic
   620 | D        | Killed a human
   620 | D        | Reached * piety under Vehumet
   620 | D        | Offered knowledge of Freeze by Vehumet.
   623 | D        | Learned a level 1 spell: Freeze
   767 | D        | Found a basalt altar of Yredelemnul.
   767 | D        | Found a shadowy altar of Dithmenos.
   767 | D        | Found a sacrificial altar of Ru.
   781 | D        | Reached skill level 5 in Armour
   926 | D        | Killed a yaktaur
   927 | D        | Noticed a shadow
   936 | D        | Offered knowledge of Sandblast by Vehumet.
   936 | D        | Reached ** piety under Vehumet
   938 | D        | Killed a shadow
   938 | D        | Reached skill level 5 in Fighting
   938 | D        | Reached skill level 1 in Ice Magic
   938 | D        | Reached XP level 8. HP: 49/49 MP: 12/25
  1024 | D        | Learned a level 1 spell: Sandblast
  1024 | D        | Found a blossoming altar of Fedhas.
  1024 | D        | Found a stormy altar of Qazlal.
  1024 | D        | Found a snail-covered altar of Cheibriados.
  1024 | D        | Found a burning altar of Makhleb.
  1024 | D        | Found a shimmering altar of Xom.
  1025 | D        | Found a hazy altar of Hepliaklqana.
  1025 | D        | Found an opulent altar of Gozag.
  1025 | D        | Found a sparkling altar of Nemelex Xobeh.
  1025 | D        | Found a corrupted altar of Lugonu.
  1025 | D        | Found a viscous altar of Jiyva.
  1206 | D        | Noticed Erica
  1225 | D        | Killed Erica
  1225 | D        | Offered knowledge of Ignite Poison by Vehumet.
  1225 | D        | Reached skill level 5 in Short Blades
  1225 | D        | Reached skill level 12 in Spellcasting
  1230 | D        | Learned a level 3 spell: Ignite Poison
  1382 | D        | Noticed a centaur warrior
  1385 | D        | Reached *** piety under Vehumet
  1385 | D        | Reached XP level 9. HP: 54/54 MP: 19/27
  1386 | D        | Killed a yaktaur
  1387 | D        | Killed a centaur warrior
  1387 | D        | Offered knowledge of Fulminant Prism by Vehumet.
  1387 | D        | Reached skill level 13 in Spellcasting
  1393 | D        | Learned a level 4 spell: Fulminant Prism
  1704 | D        | Noticed an unseen horror
  1705 | D        | Killed an unseen horror
  1705 | D        | Reached **** piety under Vehumet
  1705 | D        | Reached skill level 5 in Poison Magic
  2014 | D        | Noticed a queen bee
  2020 | D        | Offered knowledge of Bolt of Magma by Vehumet.
  2024 | D        | Killed a queen bee
  2024 | D        | Reached ***** piety under Vehumet
  2036 | D        | Reached skill level 5 in Air Magic
  2037 | D        | Reached skill level 5 in Ice Magic
  2047 | D        | Learned a level 5 spell: Bolt of Magma
  2048 | D        | Offered knowledge of Freezing Cloud by Vehumet.
  2048 | D        | Reached ****** piety under Vehumet
  2048 | D        | Reached XP level 10. HP: 59/61 MP: 4/29
  2057 | D        | Reached skill level 14 in Spellcasting
  2060 | D        | Reached skill level 5 in Earth Magic
  2414 | D        | Reached skill level 10 in Dodging
  2479 | D        | Noticed a spiny frog
  2479 | D        | Noticed a spiny frog
  2482 | D        | Killed a spiny frog
  2482 | D        | Killed a spiny frog
  2482 | D        | Offered knowledge of Iskenderun's Mystic Blast by Vehumet.
  2701 | D        | Noticed a lindwurm
  2711 | D        | Killed a lindwurm
  2711 | D        | Reached skill level 10 in Fire Magic
  2839 | D        | Gained mutation: You are frail. (-10% HP) [evolution]
  2892 | D        | Reached skill level 15 in Spellcasting
  2893 | D        | Noticed Urug
  2906 | D        | Killed Urug
  2906 | D        | Reached XP level 11. HP: 44/60 MP: 4/32
  3052 | D        | Offered knowledge of Conjure Ball Lightning by Vehumet.
  3403 | D        | Noticed Rupert
  3445 | D        | Killed Rupert
  3445 | D        | Reached skill level 16 in Spellcasting
  3445 | D        | Reached skill level 10 in Conjurations
  3537 | D        | Killed a four-headed hydra
  3598 | D        | Killed a seven-headed hydra
  3691 | D        | Noticed a death yak
  3692 | D        | Noticed a death yak
  3694 | D        | Noticed a death yak
  3696 | D        | Noticed a death yak
  3697 | D        | Killed a death yak
  3697 | D        | Offered knowledge of Venom Bolt by Vehumet.
  3698 | D        | Killed a death yak
  3703 | D        | Killed a death yak
  3706 | D        | Killed a death yak
  3769 | D        | Noticed an azure jelly
  3769 | D        | Noticed an azure jelly
  3885 | D        | Learned a level 5 spell: Venom Bolt
  3892 | D        | Noticed a fire dragon
  3895 | D        | Noticed a fire dragon
  3902 | D        | Offered knowledge of Orb of Destruction by Vehumet.
  4066 | D        | Gained mutation: You are partially covered in icy blue scales. (AC +2) [evolution]
  4079 | D        | Noticed a fire dragon
  4168 | D        | Killed a six-headed hydra
  4212 | D        | Noticed a dire elephant
  4215 | D        | Reached XP level 12. HP: 54/65 MP: 20/34
  4216 | D        | Reached skill level 17 in Spellcasting
  4218 | D        | Noticed a dire elephant
  4219 | D        | Noticed Gastronok
  4343 | D        | Killed a dire elephant
  4343 | D        | Killed Gastronok
  4346 | D        | Killed a dire elephant
  4744 | D        | Lost mutation: You are frail. (-10% HP) [evolution]
  4781 | D        | Noticed Dowan
  4781 | D        | Noticed Duvessa
  4787 | D        | Killed Dowan
  4787 | D        | Offered knowledge of Bolt of Fire by Vehumet.
  4788 | D        | Killed Duvessa
  4796 | D        | Learned a level 6 spell: Bolt of Fire
  5381 | D        | Found Tamethoj's Food Emporium.
  5381 | D        | Found Gufrimiv's Antique Armour Shop.
  5381 | D        | Found Vuhuniro's Antique Weapon Shoppe.
  5381 | D        | Found Kesk's Magic Scroll Boutique.
  5381 | D        | Found Tuaf's Book Emporium.
  5381 | D        | Found Wasick's Distillery.
  5381 | D        | Found Loloty's Jewellery Emporium.
  5381 | D        | Found Cucko's Gadget Boutique.
  5382 | D        | Found Siutzidd's Magic Scroll Boutique.
  5382 | D        | Found Hudwet's Distillery.
  5382 | D        | Found Epsaunefi's Book Shop.
  5382 | D        | Found Nuorown's Distillery.
  5550 | D        | Found Lofidghet's Antique Weapon Boutique.
  5554 | D        | Offered knowledge of Iron Shot by Vehumet.
  5563 | D        | Reached skill level 18 in Spellcasting
  5788 | D        | Bought a runed helmet for 202 gold pieces
  5788 | D        | Bought a pair of embroidered boots for 202 gold pieces
  5806 | D        | Bought the ring of Vanity {rPois rF+ MR+ Int+4} for 480 gold pieces
  5916 | D        | Reached skill level 10 in Short Blades
  5916 | D        | Reached skill level 10 in Poison Magic
  5917 | D        | Offered knowledge of Lehudib's Crystal Spear by Vehumet.
  5917 | D        | Offered knowledge of Chain Lightning by Vehumet.
  5917 | D        | Offered knowledge of Ignition by Vehumet.
  6326 | D        | Noticed a deep elf annihilator
  6326 | D        | Noticed a deep elf demonologist
  6328 | D        | Noticed a deep elf death mage
  6331 | D        | Noticed a deep elf high priest
  6331 | D        | Killed a deep elf death mage
  6331 | D        | Reached skill level 10 in Ice Magic
  6332 | D        | Killed a deep elf demonologist
  6332 | D        | Reached skill level 1 in Shields
  6333 | D        | Noticed a deep elf blademaster
  6333 | D        | Noticed a deep elf demonologist
  6334 | D        | Killed a deep elf demonologist
  6334 | D        | Reached skill level 10 in Earth Magic
  6334 | D        | Reached XP level 13. HP: 53/80 MP: 20/37
  6481 | D        | Noticed a deep elf annihilator
  6482 | D        | Killed a deep elf blademaster
  6552 | D        | Reached skill level 19 in Spellcasting
  6887 | D        | Killed a deep elf annihilator
  7027 | D        | Killed a deep elf annihilator
  7027 | D        | Reached skill level 10 in Air Magic
  7216 | D        | Bought a potion of invisibility for 104 gold pieces
  7216 | D        | Bought a potion of curing for 39 gold pieces
  7216 | D        | Bought a potion of resistance for 130 gold pieces
  7216 | D        | Bought 2 potions of curing for 78 gold pieces
  7216 | D        | Bought a potion of curing for 39 gold pieces
  7216 | D        | Bought 2 potions of curing for 78 gold pieces
  7218 | D        | Bought a potion of curing for 39 gold pieces
  7218 | D        | Bought a potion of brilliance for 52 gold pieces
  7218 | D        | Bought a potion of curing for 39 gold pieces
  7218 | D        | Bought 2 potions of heal wounds for 130 gold pieces
  7218 | D        | Bought a potion of cancellation for 104 gold pieces
  7219 | D        | Bought a scroll of identify for 28 gold pieces
  7219 | D        | Bought a scroll of identify for 28 gold pieces
  7219 | D        | Bought a scroll of identify for 28 gold pieces
  7219 | D        | Bought a scroll of fear for 49 gold pieces
  7219 | D        | Bought a scroll of enchant armour for 105 gold pieces
  7221 | D        | Bought a scroll of blinking for 75 gold pieces
  7221 | D        | Bought a scroll of blinking for 75 gold pieces
  7221 | D        | Bought a scroll of fog for 20 gold pieces
  7227 | D        | Bought a potion of curing for 33 gold pieces
  7227 | D        | Bought a potion of haste for 110 gold pieces
  7227 | D        | Bought a potion of resistance for 110 gold pieces
  7227 | D        | Bought a potion of haste for 110 gold pieces
  7630 | D        | Gained mutation: Scrolls take you a little longer to read. [mutagenic meat]
  7666 | D        | Reached skill level 1 in Evocations
  7761 | D        | Noticed a fire dragon
  7767 | D        | Killed a fire dragon
  7991 | D        | Gained mutation: You are resistant to hostile enchantments. (MR+) [mutagenic meat]
  7992 | D        | Gained mutation: You are frail. (-10% HP) [mutagenic meat]
  7993 | D        | Lost mutation: You are surrounded by a mild repulsion field. (EV +2) [mutagenic meat]
  7995 | D        | Lost mutation: You are resistant to hostile enchantments. (MR+) [mutagenic meat]
  7996 | D        | Lost mutation: Scrolls take you a little longer to read. [mutagenic meat]
  8254 | D        | Noticed Chuck
  8262 | D        | Reached skill level 10 in Armour
  8283 | D        | Hit by a large rock of returning thrown by Chuck

Vault maps used:
D:        dungeon_sprint_mu

Skill      XL: |  1  2  3  4  5  6  7  8  9 10 11 12 13 |
---------------+----------------------------------------+-----
Fighting       | 1 2 4 5 6 7 8 9 |  9.8
Armour         | 1 2 3 4 5 6 7 8 9 10 | 10.0
Dodging        | 3 4 5 7 8 9 10 11 | 11.3
Spellcasting   | 4 5 6 7 10 11 12 13 15 16 18 19 | 19.7
Conjurations   | 2 3 4 6 7 8 9 10 12 | 12.7
Fire Magic     | 4 5 6 7 8 9 10 11 12 13 | 13.1
Short Blades   | 3 4 5 6 7 9 10 | 10.1
Air Magic      | 2 3 5 6 8 9 10 | 10.4
Poison Magic   | 2 4 5 7 8 10 11 | 11.4
Ice Magic      | 1 3 5 6 8 10 11 | 11.1
Earth Magic    | 2 4 6 8 10 11 | 11.0
Shields        | 1 3 |  3.7
Evocations     | 2 |  2.4
Stealth        | |  2.4

Action                   |  1- 3 |  4- 6 |  7- 9 | 10-12 | 13-15 || total
-------------------------+-------+-------+-------+-------+-------++-------
Melee: Dagger            |       |     1 |     4 |   192 |    65 ||   262
 Cast: Flame Tongue      |    18 |     4 |    63 |    71 |     4 ||   160
       Conjure Flame     |     1 |       |     6 |    10 |       ||    17
       Sticky Flame      |       |     3 |     2 |     6 |     1 ||    12
       Mephitic Cloud    |       |       |    12 |     7 |     2 ||    21
       Ignite Poison     |       |       |     7 |     2 |     2 ||    11
       Fulminant Prism   |       |       |     6 |     2 |     2 ||    10
       Fireball          |       |       |     1 |     9 |     5 ||    15
       Bolt of Magma     |       |       |       |    62 |     4 ||    66
       Freeze            |       |       |       |     9 |       ||     9
       Venom Bolt        |       |       |       |    11 |     1 ||    12
       Throw Flame       |       |       |       |     1 |       ||     1
       Bolt of Fire      |       |       |       |     7 |    44 ||    51
       Inner Flame       |       |       |       |     5 |       ||     5
  Use: Potion            |     4 |       |       |     4 |       ||     8
       Scroll            |     4 |       |       |     3 |     1 ||     8
 Stab: Sleeping          |       |     1 |       |     1 |       ||     2
  Eat: Royal jelly       |       |       |     1 |     5 |     5 ||    11
       Bread ration      |       |       |     1 |     1 |       ||     2
       Chunk             |       |       |       |       |    11 ||    11
Armor: Robe              |       |     1 |       |     4 |     2 ||     7
Dodge: Dodged            |     3 |       |     8 |    61 |     7 ||    79
Block: Buckler           |       |       |       |       |     3 ||     3
